 Dungeon Crawl Stone Soup version 0.25.0-46-gbd7b0854d2 (webtiles) character file.

Game seed: 3041629543555023645

775 DerDa the Covered (level 7, -9/60 HPs)
             Began as a Gnoll Wanderer on July 16, 2020.
             Mangled by Maggie
             ... wielding a +2 morningstar of flaming
              (13 damage)
             ... on level 7 of the Dungeon.
             The game lasted 00:14:15 (5428 turns).

DerDa the Covered (Gnoll Wanderer)                  Turns: 5428, Time: 00:14:16

Health: -9/60      AC:  6    Str: 12    XL:     7   Next: 84%
Magic:  11/11      EV: 13    Int: 18    God:
Gold:   276        SH:  0    Dex: 15    Spells: 11/11 levels left

rFire    . . .     SeeInvis .   a - +2 dagger
rCold    . . .     Gourm    .   (no shield)
rNeg     + . .     Faith    .   v - +0 leather armour
rPois    .         Spirit   .   (no helmet)
rElec    .         Reflect  .   A - +0 cloak
rCorr    .         Harm     .   (no gloves)
MR       +....                  s - +0 pair of boots
Stlth    ++........             t - amulet of the acrobat
HPRegen  0.20/turn              i - ring of protection from magic
MPRegen  0.12/turn              m - ring of positive energy

@: mesmerised, lightly drained
A: distributed training, fangs 1, strong nose
a: no special abilities


You were on level 7 of the Dungeon.
You were hungry.

You visited 1 branch of the dungeon, and saw 6 of its levels.

You collected 276 gold pieces.

Inventory:

Hand Weapons
 a - a +2 dagger (weapon)
 b - a +0 hand crossbow
Missiles
 e - 67 bolts
 u - 8 poisoned darts (quivered)
Armour
 f - a +0 robe
 s - a +0 pair of boots (worn)
 v - a +0 leather armour (worn)
 A - a +0 cloak (worn)
 E - a cursed +0 scale mail
 F - a +0 kite shield
Jewellery
 i - a ring of protection from magic (left hand)
 m - a ring of positive energy (right hand)
 t - an amulet of the acrobat (around neck)
 C - an uncursed ring of wizardry
Wands
 w - a wand of flame (18)
Scrolls
 h - 2 scrolls of remove curse
 k - a scroll of magic mapping
 l - a scroll of noise
 o - 7 scrolls of teleportation
 q - a scroll of amnesia
 y - 2 scrolls of immolation {unknown}
 B - a scroll of random uselessness {unknown}
Potions
 c - 5 potions of lignification
 d - a potion of berserk rage
 j - a potion of invisibility
 p - a potion of heal wounds {unknown}
 z - a potion of mutation {unknown}
 D - 2 potions of degeneration {unknown}
Comestibles
 g - 8 rations


   Skills:
 + Level 7.1(7.0) Fighting
 + Level 2.7(2.6) Short Blades
 + Level 2.7(2.6) Long Blades
 + Level 2.7(2.6) Axes
 + Level 2.7(2.6) Maces & Flails
 + Level 2.7(2.6) Polearms
 + Level 2.7(2.6) Staves
 + Level 2.7(2.6) Slings
 + Level 2.7(2.6) Bows
 + Level 3.8(3.6) Crossbows
 + Level 2.7(2.6) Throwing
 + Level 7.1(7.0) Armour
 + Level 3.8(3.6) Dodging
 + Level 3.6(3.5) Stealth
 + Level 2.7(2.6) Shields
 + Level 2.7(2.6) Unarmed Combat
 + Level 2.7(2.6) Spellcasting
 + Level 2.2(2.1) Conjurations
 + Level 2.2(2.1) Hexes
 + Level 2.2(2.1) Charms
 + Level 2.2(2.1) Summonings
 + Level 2.2(2.1) Necromancy
 + Level 2.2(2.1) Translocations
 + Level 2.2(2.1) Transmutations
 + Level 2.2(2.1) Fire Magic
 + Level 2.2(2.1) Ice Magic
 + Level 2.2(2.1) Air Magic
 + Level 2.2(2.1) Earth Magic
 + Level 2.2(2.1) Poison Magic
 + Level 3.0(2.9) Invocations
 + Level 3.8(3.6) Evocations


You had 11 spell levels left.
You didn't know any spells.
Your spell library was empty.

Dungeon Overview and Level Annotations

Branches:
Dungeon (5/15)             Temple (0/1) D:7

Altars:

Annotations:
D:7 Maggie


Innate Abilities, Weirdness & Mutations

Your experience applies equally to all skills.
You have very sharp teeth.
Your uncanny sense of smell can sniff out nearby items.


Message History

* * * LOW HITPOINT WARNING * * *
You are too mesmerised to rage.
As you read the scroll labeled OSUKHO TUUGHIKAA, it crumbles to dust.
It is a scroll of amnesia.
You feel forgetful for a moment.
Maggie points at you and mumbles some strange words.
The bolt of fire misses you.
As you read the scroll labeled CURUSTR SUNA, it crumbles to dust.
The scroll dissolves into smoke.
It was a scroll of fog.
Maggie hits you with a +2 morningstar of flaming.
* * * LOW HITPOINT WARNING * * *
Maggie burns you.
* * * LOW HITPOINT WARNING * * *
The ice beast misses you.
As you read the scroll labeled REASEP NESEOL, it crumbles to dust.
It is a scroll of identify.
o - 7 scrolls of teleportation Maggie looks more healthy.
The ice beast barely misses you.
Maggie hits you with a +2 morningstar of flaming!
You die...

,,,,,,,,****,#.,........K.....#≈≈
,,,,,,,,,,,#,#.*#######.#.#####≈,
,,,,,,,,...#.#.########.#.....#≈,
,,,,,,,*..........OKK.........#≈,
,,,,,,,*,..#.##.#######.#.....#≈,
,,,,,*,*,,,*,*#K## #.#..##.#≈,
,,*,,,,,∆,,*,*#KO# #.#..#*.+,,
*,**,**,**,*,*##@# #.#..#**#≈,
,,,,,,,,,*,*,* #@# #.#..# *≈,
,,,,,,,,,,,*,* #Y#* #.#..# *≈,
,,⌠,,,⌠,,*,*,**#§§****#.#..# *≈,
,,,,,,,,,*,*,,,..(.,,,,,#..###*≈,
,,,,>,,,,,,****#....,,,*#....#*≈≈
,,,,,,,,,*,* #.....,,*#..#.#***
,,⌠,,,⌠,,*,* #......,*#..#.#
,,,,,,,,,,,* #.......*#.##.#
,,,,,,,,,*,* *,,∆,,,,*#.##.#


You could see Maggie (mesmerising), an ice beast, an ogre and a kobold.

Vanquished Creatures
  A phantom (D:4)
  An ogre (D:4)
  A big kobold (D:7)
  3 scorpions (D:4)
  An orc priest (D:4)
  A bullfrog skeleton (D:5)
  A hound (D:4)
  An orc wizard (D:4)
  Natasha (thrice) (D:4)
  A worker ant zombie (D:7)
  5 adders
  2 oozes
  An adder skeleton (D:4)
  3 worms
  7 dart slugs
  A leopard gecko (D:1)
  19 orcs
  A ball python (D:2)
  3 giant cockroaches
  6 goblins
  8 hobgoblins
  4 jackals (D:1)
  13 kobolds
  2 quokkas (D:4)
  2 bats
  2 frilled lizards (D:3)
  A jackal skeleton (D:4)
  A leopard gecko zombie (D:5)
  A quokka skeleton (D:2)
  7 rats
103 creatures vanquished.

Vanquished Creatures (others)
  A kobold (D:7)
1 creature vanquished.

Grand Total: 104 creatures vanquished

Notes
Turn   | Place    | Note
-------+----------+-------------------------------------------
     0 | D:1      | DerDa the Gnoll Wanderer began the quest for the Orb.
     0 | D:1      | DerDa set off with the following items: a +2 dagger, a
                  | potion of berserk rage, a potion of lignification, a +0
                  | hand crossbow, 21 bolts, a +0 robe, a ration
     0 | D:1      | Reached XP level 1. HP: 23/23 MP: 2/2
   157 | D:1      | Reached XP level 2. HP: 22/29 MP: 3/3
   618 | D:1      | Reached XP level 3. HP: 30/35 MP: 4/4
  1389 | D:2      | Reached skill level 1 in Invocations
  1895 | D:2      | Reached skill level 1 in Short Blades
  1895 | D:2      | Reached skill level 1 in Long Blades
  1895 | D:2      | Reached skill level 1 in Axes
  1895 | D:2      | Reached skill level 1 in Maces & Flails
  1895 | D:2      | Reached skill level 1 in Polearms
  1895 | D:2      | Reached skill level 1 in Staves
  1895 | D:2      | Reached skill level 1 in Slings
  1895 | D:2      | Reached skill level 1 in Bows
  1895 | D:2      | Reached skill level 1 in Throwing
  1895 | D:2      | Reached skill level 1 in Shields
  1895 | D:2      | Reached skill level 1 in Unarmed Combat
  1895 | D:2      | Reached skill level 1 in Spellcasting
  2040 | D:2      | Reached XP level 4. HP: 27/41 MP: 6/6
  2939 | D:3      | Reached skill level 1 in Conjurations
  2939 | D:3      | Reached skill level 1 in Hexes
  2939 | D:3      | Reached skill level 1 in Charms
  2939 | D:3      | Reached skill level 1 in Summonings
  2939 | D:3      | Reached skill level 1 in Necromancy
  2939 | D:3      | Reached skill level 1 in Translocations
  2939 | D:3      | Reached skill level 1 in Transmutations
  2939 | D:3      | Reached skill level 1 in Fire Magic
  2939 | D:3      | Reached skill level 1 in Ice Magic
  2939 | D:3      | Reached skill level 1 in Air Magic
  2939 | D:3      | Reached skill level 1 in Earth Magic
  2939 | D:3      | Reached skill level 1 in Poison Magic
  3182 | D:3      | Reached XP level 5. HP: 41/47 MP: 7/7
  3769 | D:4      | Noticed a phantom
  3967 | D:4      | Killed a phantom
  3967 | D:4      | Reached XP level 6. HP: 43/53 MP: 8/8
  4202 | D:4      | Noticed Natasha
  4206 | D:4      | Killed Natasha
  4219 | D:4      | Noticed Natasha
  4228 | D:4      | Killed Natasha
  4604 | D:4      | Reached XP level 7. HP: 59/59 MP: 10/10
  4741 | D:4      | Noticed Natasha
  4766 | D:4      | Killed Natasha
  5162 | D:5      | Entered Level 5 of the Dungeon
  5290 | D:5      | You fall into a shaft and drop 2 floors!
  5398 | D:7      | Noticed Maggie
  5428 | D:7      | Mangled by Maggie

Illustrated notes

Levels and vault maps discovered:
D:1:      eino_arrival_water_cross, layout_basic
D:2:      layout_loops_ring, first_ration
D:3:      layout_loops_ring
D:4:      layout_loops_ring, uniq_natasha
D:5:      layout_gridville, minmay_liquid_box
D:7:      layout_basic, minmay_temple_entry_large_hall, kennysheep_path_1,
          grunt_ogre_cave, uniq_pikel, uniq_maggie

Skill      XL: |  1  2  3  4  5  6  7 |
---------------+----------------------+-----
Invocations    | 1 2 3 |  3.0
Short Blades   | 1 2 |  2.7
Long Blades    | 1 2 |  2.7
Axes           | 1 2 |  2.7
Maces & Flails | 1 2 |  2.7
Polearms       | 1 2 |  2.7
Staves         | 1 2 |  2.7
Slings         | 1 2 |  2.7
Bows           | 1 2 |  2.7
Throwing       | 1 2 |  2.7
Shields        | 1 2 |  2.7
Unarmed Combat | 1 2 |  2.7
Spellcasting   | 1 2 |  2.7
Conjurations   | 1 2 |  2.2
Hexes          | 1 2 |  2.2
Charms         | 1 2 |  2.2
Summonings     | 1 2 |  2.2
Necromancy     | 1 2 |  2.2
Translocations | 1 2 |  2.2
Transmutations | 1 2 |  2.2
Fire Magic     | 1 2 |  2.2
Ice Magic      | 1 2 |  2.2
Air Magic      | 1 2 |  2.2
Earth Magic    | 1 2 |  2.2
Poison Magic   | 1 2 |  2.2
Crossbows      | 3 |  3.8
Dodging        | 3 |  3.8
Evocations     | 3 |  3.8
Stealth        | 3 |  3.6
Fighting       | 7 |  7.1
Armour         | 7 |  7.1

Action                   |  1- 3 |  4- 6 |  7- 9 || total
-------------------------+-------+-------+-------++-------
Melee: Dagger            |   153 |   269 |    90 ||   512
       Bite              |    22 |    18 |    15 ||    55
       Punch             |       |     4 |       ||     4
 Fire: Hand crossbow     |    11 |    26 |       ||    37
Throw: Dart              |     1 |     8 |    19 ||    28
Evoke: Wand              |       |       |     4 ||     4
  Use: Potion            |       |     2 |       ||     2
       Scroll            |       |       |     7 ||     7
 Stab: Sleeping          |     5 |     5 |     1 ||    11
       Distracted        |     1 |       |       ||     1
  Eat: Chunk             |     4 |     8 |     2 ||    14
Armor: Robe              |    24 |     4 |       ||    28
       Leather armour    |       |    37 |    17 ||    54
       Skin              |       |    38 |       ||    38
Dodge: Dodged            |    94 |   128 |    39 ||   261
